 Dungeon Crawl Stone Soup version 0.22.0-60-ga52c2fc (webtiles) character file.

204 marrkus the Slasher (level 6, -1/47 HPs)
             Began as a Human Fighter on Sept 9, 2018.
             Slain by an ogre
             ... wielding a +0 giant spiked club
              (20 damage)
             ... on level 3 of the Dungeon.
             The game lasted 00:06:18 (1824 turns).

marrkus the Slasher (Human Fighter)                 Turns: 1824, Time: 00:06:19

Health: -1/47      AC: 15    Str: 17    XL:     6   Next: 9%
Magic:  6/6        EV:  2    Int:  8    God:
Gold:   182        SH:  9    Dex: 14    Spells: 5/5 levels left

rFire    . . .     SeeInvis .   a - +0 long sword
rCold    . . .     Gourm    .   c - +0 shield
rNeg     . . .     Faith    .   y - +0 plate armour
rPois    .         Spirit   .   i - +2 helmet
rElec    .         Reflect  .   (no cloak)
rCorr    .         Harm     .   h - +0 pair of gloves
MR       .....                  (no boots)
Stlth    ..........             (no amulet)
HPRegen  0.15/turn              (no ring)
MPRegen  0.10/turn              (no ring)

@: no status effects
A: no striking features
a: no special abilities


You were on level 3 of the Dungeon.
You were not hungry.

You visited 1 branch of the dungeon, and saw 3 of its levels.

You collected 182 gold pieces.

Inventory:

Hand Weapons
 a - a +0 long sword (weapon)
 t - a +0 long sword
 u - a +4 dagger
Missiles
 j - 91 stones (quivered)
 o - 18 arrows
 s - 5 silver tomahawks
 x - 16 bolts
Armour
 b - a +0 scale mail
 c - a +0 shield (worn)
 h - a +0 pair of gloves (worn)
 i - a +2 helmet (worn)
 y - a +0 plate armour (worn)
Scrolls
 e - 7 scrolls of identify {unknown}
 g - a scroll of remove curse {unknown}
 m - 2 scrolls of blinking {unknown}
 p - 3 scrolls of teleportation {unknown}
 v - 2 scrolls of amnesia {unknown}
 w - a scroll of noise {unknown}
Potions
 d - a potion of might
 k - 2 potions of heal wounds {unknown}
 l - a potion of lignification {unknown}
 n - 3 potions of haste {unknown}
 q - a potion of agility {unknown}
 r - a potion of cancellation {unknown}
 z - a potion of curing {unknown}
Comestibles
 f - 7 rations
 A - a chunk of flesh


   Skills:
 - Level 3.0 Fighting
 + Level 5.9 Long Blades
 - Level 3.0 Armour
 - Level 3.0 Shields


You had 5 spell levels left.
You didn't know any spells.
Your spell library contained the following spells:

 Spells                   Type           Power        Failure   Level  Hunger
 Confusing Touch          Hex            #.....       100%        1    ##.....
 Confuse                  Hex            #.......     100%        3    ####...
 Gell's Gravitas          Tloc           #.........   100%        3    ####...
 Petrify                  Tmut/Erth      #.......     100%        4    #####..
 Metabolic Englaciation   Hex/Ice        #.........   100%        5    ######.
 Yara's Violent Unravell  Hex/Tmut       #.........   100%        5    ######.


Dungeon Overview and Level Annotations

Branches:
Dungeon (3/15)

Altars:
Vehumet


Message History

The ogre is moderately wounded.
You hit the ogre but do no damage.
The ogre is moderately wounded.
You block the ogre's attack.
You hit the ogre but do no damage.
The ogre is moderately wounded.
The ogre hits you with a giant spiked club.
You hit the ogre.
The ogre is moderately wounded.
You block the ogre's attack.
You slash the ogre!
The ogre is heavily wounded.
The ogre hits you with a giant spiked club!
You hit the ogre.
The ogre is severely wounded.
The ogre hits you but does no damage.
You hit the ogre but do no damage.
The ogre is severely wounded.
The ogre hits you with a giant spiked club!!
You die...

#†≈≈≈≈≈≈.. ≈≈≈≈≈≈≈........
..≈≈≈≈≈≈.<⌠≈≈≈≈≈#.........
.≈≈≈≈≈≈≈$..≈≈≈≈≈≈≈........
.≈#≈≈≈≈#≈?≈≈≈≈≈≈≈≈O##
..#≈≈≈≈≈..≈≈≈≈≈≈≈.w.#
...≈≈≈≈#.[.≈≈≈≈≈..#o##########
...≈≈≈≈≈..≈≈≈≈≈≈#.#)#........#
†..#≈≈≈≈≈##≈≈≈≈.###.#........#
.####.≈≈#≈≈≈#...@Ow.#....>...#
>.÷.†..≈≈.≈≈....##.........>.#
........#.......#####........#
......#.........#####.......(#
......###..........).........#
......# ############.........#
......# ######.#### ......#
#.# .....## ###


You could see an ogre and a dart slug.

Vanquished Creatures
  2 orc wizards (D:3)
  A hound zombie (D:3)
  3 adders
  2 oozes
  5 worms
  9 dart slugs
  2 leopard geckos (D:3)
  4 orcs (D:3)
  4 giant cockroaches
  6 goblins
  7 hobgoblins
  9 bats
  3 frilled lizards
  7 kobolds
  8 rats
72 creatures vanquished.

Notes
Turn   | Place    | Note
-------+----------+-------------------------------------------
     0 | D:1      | marrkus the Human Fighter began the quest for the Orb.
     0 | D:1      | Reached XP level 1. HP: 18/18 MP: 1/1
    90 | D:1      | Reached XP level 2. HP: 24/24 MP: 2/2
   189 | D:1      | Reached skill level 3 in Long Blades
   420 | D:1      | Reached XP level 3. HP: 26/29 MP: 3/3
   997 | D:2      | Reached skill level 4 in Long Blades
   997 | D:2      | Reached XP level 4. HP: 26/35 MP: 4/4
  1136 | D:2      | Found a radiant altar of Vehumet.
  1518 | D:3      | Reached XP level 5. HP: 40/41 MP: 5/5
  1651 | D:3      | Reached skill level 5 in Long Blades
  1792 | D:3      | Noticed an ogre
  1800 | D:3      | Reached XP level 6. HP: 32/47 MP: 6/6
  1824 | D:3      | Slain by an ogre

Skill      XL: |  1  2  3  4  5 |
---------------+----------------+-----
Long Blades    | 3 4 5 |  5.9
Fighting       | |  3.0
Armour         | |  3.0
Shields        | |  3.0

Action                   |  1- 3 |  4- 6 || total
-------------------------+-------+-------++-------
Melee: Long sword        |    91 |   137 ||   228
Throw: Stone             |       |     2 ||     2
  Eat: Chunk             |       |     3 ||     3
Armor: Scale mail        |    38 |    35 ||    73
       Plate armour      |       |    53 ||    53
Dodge: Dodged            |    19 |    19 ||    38
Block: Shield            |    38 |    63 ||   101
       Rpst.: Long sword |     5 |     6 ||    11
